 Dungeon Crawl Stone Soup version 0.23.2-1-ga50397a6bc (webtiles) character file.

Game seed: 3464944504172284119

8808 Andrea the Severer (level 11, -5/104 HPs)
             Began as a Minotaur Berserker on May 15, 2019.
             Was a High Priest of Trog.
             Slain by a cyclops (20 damage)
             ... on level 11 of the Dungeon.
             The game lasted 00:12:22 (8169 turns).

Andrea the Severer (Minotaur Berserker)             Turns: 8169, Time: 00:12:23

Health: -5/104     AC: 13    Str: 21    XL:     11   Next: 14%
Magic:  10/10      EV:  7    Int:  7    God:    Trog [*****.]
Gold:   562        SH:  0    Dex: 11    Spells: 10/10 levels left

rFire    . . .     SeeInvis .   p - +1 hand axe (vamp)
rCold    . . .     Gourm    .   (no shield)
rNeg     . . .     Faith    .   q - +0 plate armour
rPois    +         Spirit   .   (helmet restricted)
rElec    .         Reflect  .   (no cloak)
rCorr    .         Harm     .   (no gloves)
MR       .....                  (no boots)
Stlth    ..........             (no amulet)
HPRegen  0.27/turn              j - ring of poison resistance
MPRegen  0.12/turn              y - +2 ring of protection

@: berserk cooldown
A: retaliatory headbutt, horns 2
a: Berserk, Trog's Hand, Brothers in Arms, Renounce Religion


You were on level 11 of the Dungeon.
You worshipped Trog.
Trog was extremely pleased with you.
You were very hungry.

You visited 1 branch of the dungeon, and saw 11 of its levels.
You also visited: Ossuary.

You collected 612 gold pieces.
You spent 50 gold pieces at shops.

Inventory:

Hand Weapons
 p - a +1 vampiric hand axe (weapon)
Armour
 q - a +0 plate armour (worn)
Jewellery
 b - an uncursed ring of protection from cold
 j - a ring of poison resistance (left hand)
 u - an uncursed ring of resist corrosion
 y - a +2 ring of protection (right hand)
Wands
 h - a wand of polymorph (16)
 r - a wand of digging (7)
 x - a wand of flame (38)
 D - a wand of iceblast (14)
 E - a wand of random effects (18)
Scrolls
 a - a scroll of amnesia
 f - a scroll of magic mapping
 i - a scroll of immolation
 l - 3 scrolls of teleportation
 m - 5 scrolls of identify
 o - a scroll of remove curse
 v - 2 scrolls of blinking {unknown}
 C - 3 scrolls of fog {unknown}
Potions
 d - 5 potions of heal wounds
 e - a potion of brilliance {unknown}
 g - 3 potions of flight
 k - a potion of cancellation
 n - 2 potions of berserk rage
 s - 3 potions of curing
 w - 3 potions of agility
 z - 6 potions of resistance
 A - 4 potions of lignification
 B - a potion of might
 F - a potion of magic
Comestibles
 c - 18 rations
 t - 10 chunks of flesh


   Skills:
 + Level 12.3 Fighting
 * Level 16.1 Axes
 - Level 2.7 Armour
 - Level 2.4 Dodging


You had 10 spell levels left.
You didn't know any spells.
Your spell library was empty.

Dungeon Overview and Level Annotations

Branches:
Dungeon (11/15)            Temple (0/1) D:5             Orc (0/2) D:10
   Lair: D:8-11

Altars:
Fedhas
Nemelex Xobeh

Shops:
D:6 !


Innate Abilities, Weirdness & Mutations

You reflexively headbutt those who attack you in melee.
You have a pair of horns on your head.


Message History

The cyclops hits you!
* * * LOW HITPOINT WARNING * * *
You hit the cyclops.
The cyclops is heavily wounded.
You feel yourself speed up.
The cyclops hits you but does no damage.
You hit the cyclops. You headbutt the cyclops.
The cyclops is heavily wounded.
You hit the cyclops.
You feel better.
The cyclops is heavily wounded.
You hit the cyclops but do no damage.
The cyclops is heavily wounded.
The cyclops hits you.
* * * LOW HITPOINT WARNING * * *
You hit the cyclops.
You feel better.
The cyclops is heavily wounded.
You hit the cyclops.
You feel better.
The cyclops is severely wounded.
The cyclops hits you!!
You die...

###. #........... .....
#........# .# .#....###
.......#... #.
?.C##...####............
.>....#.............#..
........(.....#####.#.#
........†......####.#.#
........###:(C...##...#
.......(##..#@##..#...#
<...........#(##......##
....).....###..#.......##
#..#...##.# ##.##.......#
...#... #.#
##.#....#...## . #... #..
.....#..##...# # #...
######.....).....#####
.### ###.....###.......
#. ...>...(# #.......


You could see a cyclops.

Vanquished Creatures
  An unseen horror (D:10)
  An ugly thing (D:11)
  A gargoyle (D:11)
  Psyche (D:8)
  2 trolls (D:10)
  A hornet (D:11)
  2 hippogriffs
  Sigmund (D:2)
  A spriggan (D:8)
  2 wraiths
  12 yaks
  A basilisk (D:11)
  A hungry ghost (D:8)
  A steam dragon (D:10)
  A water moccasin (D:11)
  An orc warrior (D:10)
  2 ice beasts
  2 phantoms
  2 eyes of draining
  A sky beast (D:5)
  3 ogres
  2 centaurs
  A big kobold (D:7)
  7 bullfrogs
  3 scorpions
  An electric eel (D:7)
  A howler monkey (D:11)
  7 crimson imps
  A wyvern simulacrum (D:10)
  3 jellies
  3 orc priests
  A bullfrog skeleton (D:6)
  2 gnoll shamans
  8 hounds
  6 orc wizards
  2 centaur skeletons
  3 iguanas
  2 worker ants
  Ijyb (D:4)
  A hound skeleton (D:7)
  3 mummies (Ossuary)
  17 gnolls
  8 adders
  A shadow imp (D:8)
  7 worms
  2 dart slugs
  7 leopard geckos
  46 orcs
  5 giant cockroaches
  A gnoll zombie (Ossuary)
  5 hobgoblins
  16 jackals
  10 kobolds
  3 quokkas
  A ball python (D:4)
  A ball python zombie (D:6)
  3 bats
  4 frilled lizards
  13 goblins
  3 goblin zombies (Ossuary)
  2 hobgoblin zombies (Ossuary)
  2 kobold zombies (Ossuary)
  A leopard gecko zombie (D:6)
  2 rats
258 creatures vanquished.

Vanquished Creatures (others)
  5 plants (D:11)
5 creatures vanquished.

Grand Total: 263 creatures vanquished

Notes
Turn   | Place    | Note
-------+----------+-------------------------------------------
     0 | D:1      | Andrea the Minotaur Berserker began the quest for the Orb.
     0 | D:1      | Reached XP level 1. HP: 19/19 MP: 0/0
    63 | D:1      | Reached skill level 4 in Axes
    63 | D:1      | Reached XP level 2. HP: 25/27 MP: 1/1
    95 | D:1      | You fall through a shaft!
   935 | D:2      | Found a blossoming altar of Fedhas.
  1007 | D:2      | Reached XP level 3. HP: 12/33 MP: 2/2
  1202 | D:2      | Noticed Sigmund
  1212 | D:2      | Killed Sigmund
  1212 | D:2      | Reached skill level 5 in Fighting
  1212 | D:2      | Reached skill level 6 in Axes
  1212 | D:2      | Reached XP level 4. HP: 42/42 MP: 3/3
  1212 | D:2      | Reached XP level 5. HP: 48/48 MP: 4/4
  1582 | D:3      | Reached ** piety under Trog
  2074 | D:3      | Reached XP level 6. HP: 48/56 MP: 5/5
  2334 | D:4      | Reached skill level 7 in Axes
  3482 | D:4      | Noticed Ijyb
  3489 | D:4      | Killed Ijyb
  3489 | D:4      | Reached XP level 7. HP: 63/63 MP: 6/6
  3745 | D:5      | Entered Level 5 of the Dungeon
  3755 | D:5      | Reached skill level 8 in Axes
  4220 | D:5      | Reached skill level 9 in Axes
  4242 | D:5      | Found a staircase to the Ecumenical Temple.
  4394 | D:6      | Reached *** piety under Trog
  4400 | D:6      | Reached XP level 8. HP: 73/73 MP: 7/7
  4524 | D:6      | Reached skill level 10 in Axes
  4635 | D:6      | Found a sparkling altar of Nemelex Xobeh.
  4681 | D:6      | Found Vudisir's Distillery.
  4706 | D:6      | Bought a potion of heal wounds for 50 gold pieces
  4909 | D:7      | Reached skill level 11 in Axes
  4912 | D:7      | Reached **** piety under Trog
  5121 | D:7      | Noticed a hippogriff
  5127 | D:7      | Killed a hippogriff
  5127 | D:7      | Reached XP level 9. HP: 83/83 MP: 8/8
  5245 | D:7      | Reached skill level 12 in Axes
  5486 | D:8      | Reached skill level 10 in Fighting
  5486 | D:8      | Reached skill level 13 in Axes
  5557 | D:8      | Found a sand-covered staircase.
  5605 | Ossuary  | Entered an ossuary
  6343 | D:8      | Noticed Psyche
  6353 | D:8      | Killed Psyche
  6353 | D:8      | Reached XP level 10. HP: 94/94 MP: 9/9
  6685 | D:9      | Reached skill level 14 in Axes
  7037 | D:9      | Reached ***** piety under Trog
  7195 | D:10     | Entered Level 10 of the Dungeon
  7384 | D:10     | Killed an unseen horror
  7384 | D:10     | Reached skill level 15 in Axes
  7591 | D:10     | Found a staircase to the Orcish Mines.
  7648 | D:10     | Received a gift from Trog
  7920 | D:10     | You fall through a shaft!
  7924 | D:11     | Noticed a gargoyle
  7929 | D:11     | Killed a gargoyle
  8086 | D:11     | Reached XP level 11. HP: 93/104 MP: 10/10
  8116 | D:11     | Noticed a green ugly thing
  8130 | D:11     | Killed a green ugly thing
  8130 | D:11     | Reached skill level 16 in Axes
  8169 | D:11     | Slain by a cyclops

Skill      XL: |  1  2  3  4  5  6  7  8  9 10 11 |
---------------+----------------------------------+-----
Fighting       | 4 5 6 7 9 10 12 | 12.3
Axes           | 4 6 7 9 11 13 15 16 | 16.1
Armour         | |  2.7
Dodging        | |  2.4

Action                   |  1- 3 |  4- 6 |  7- 9 | 10-12 || total
-------------------------+-------+-------+-------+-------++-------
Melee: Hand axe          |    47 |   132 |   405 |   277 ||   861
       Headbutt          |     9 |    19 |    80 |    69 ||   177
Invok: Berserk           |     1 |     4 |     3 |     4 ||    12
  Use: Scroll            |       |       |       |    14 ||    14
  Eat: Chunk             |     1 |     9 |    13 |    10 ||    33
       Ration            |       |     2 |       |       ||     2
Armor: Animal skin       |     4 |       |       |       ||     4
       Ring mail         |     1 |    16 |       |       ||    17
       Plate armour      |       |    22 |   174 |    94 ||   290
Dodge: Dodged            |    29 |    48 |   116 |    54 ||   247
